Unix NetHack Version 3.7.0-89 Work-in-progress - last build Sep 25 2023 05:26:45 (48e034876007844a536bf88644040a71d2893410,branch:master). Game began 2023-09-29 17:42:39, ended 2023-09-30 10:23:31. unit327, lawful female human Priestess ------ ----- --------- -------- |....| |.._| |.......| |......| ------ #....{| |.).| |.......| |......| |.....##0#|....| |...| |.......| |......| |....|####|.....# |..L| ###.........# |.......#####0#.....|# #|....|# |)@%.*##u#### |.......|# --.----- #|<...-# #------# --[-- ---------# ## #------ ############ [ # # ### # # ) ## ## ## # # # # -|------------# # #### # # |.............# # # # # |............| ### #### # ## |.............###### #-|--------|---.- 0##################### |+.......<...| #########|..............| #----|- -------------- #|>.............| #.....| #|..{...........| |....| #-..............| |{...| ---------------- ------ Unit327 the Priestess St:14 Dx:16 Co:17 In:10 Wi:18 Ch:10 Lawful Dlvl:10 $:445 HP:0(41) Pw:131(131) AC:0 Xp:10/7578 T:14509 Strained Latest messages: You have much trouble lifting an uncursed hill orc corpse. Continue? [ynq] (q) G - an uncursed hill orc corpse. You stagger under your heavy load. Movement is very hard. What do you want to drop? [$a-fh-kmqt-vyzABFGI-LQTUZ or ?*] You drop an uncursed hill orc corpse. Your movements are now unencumbered. The hill orc swings her curved sword. The hill orc hits! You hit the hill orc! The hill orc swings her curved sword. The hill orc hits! You kill the hill orc! You see here a blessed curved sword. You see here a blessed curved sword. You kill the iguana! You have much trouble lifting an uncursed hill orc corpse. Continue? [ynq] (q) G - an uncursed hill orc corpse. You stagger under your heavy load. Movement is very hard. You hear bubbling water. Pick an object. What do you want to drop? [$a-fh-kmqt-vyzABFGI-LQTUZ or ?*] You drop an uncursed hill orc corpse. Your movements are now unencumbered. The owlbear misses! The owlbear hits! You hit the owlbear! The owlbear turns to flee. There is an open door here. There are several objects here. You kill the owlbear! You have much trouble lifting an uncursed hill orc corpse. Continue? [ynq] (q) G - an uncursed hill orc corpse. You stagger under your heavy load. Movement is very hard. There is an open door here. There are several objects here. You see here an uncursed violet gem. The arch-lich appears next to you! The arch-lich touches you! You avoid harm. The arch-lich casts a spell at you! Oh no, he's using the touch of death! You feel drained... You hear the wailing of the Banshee... # You begin praying to Shan Lai Ching. The arch-lich touches you! You're covered in frost! The frost doesn't seem cold! One of your dark potions freezes and shatters! You die... Inventory: Coins ('$') $ - 445 gold pieces Amulets ('"') q - an uncursed amulet of reflection (being worn) Weapons (')') t - an uncursed +0 aklys L - the blessed rustproof +7 Excalibur (weapon in hand) Armor ('[') K - an uncursed +0 dwarvish iron helm (being worn) i - an uncursed +0 pair of leather gloves (being worn) v - a blessed +1 pair of iron shoes (being worn) A - an uncursed +0 small shield (being worn) J - an uncursed +0 mummy wrapping y - an uncursed very burnt +0 robe (being worn) m - an uncursed +0 studded leather armor (being worn) Comestibles ('%') B - 4 uncursed food rations G - an uncursed hill orc corpse e - an uncursed lizard corpse Scrolls ('?') j - an uncursed scroll of punishment c - an uncursed scroll of teleportation Potions ('!') a - an uncursed potion of sickness Rings ('=') Q - an uncursed ring of regeneration Wands ('/') U - an uncursed wand of cancellation (0:7) d - an uncursed wand of locking (0:5) I - an uncursed wand of sleep (0:7) Z - an uncursed wand of speed monster (0:1) Tools ('(') F - an uncursed oilskin sack containing 8 items z - an uncursed leather drum b - an uncursed blindfold h - an uncursed magic marker (0:36) f - an uncursed magic whistle T - a blessed oil lamp k - an uncursed skeleton key u - an uncursed +0 unicorn horn Contents of the oilskin sack: a blessed potion of extra healing a potion of holy water an uncursed ring of levitation an uncursed ring of see invisible an uncursed ring of sustain ability an uncursed wand of locking (0:5) an uncursed wand of nothing (0:4) an uncursed wand of teleportation (0:5) Unit327 the Priestess's attributes: Background: You were a Priestess, level 10 human. You were lawful, on a mission for Shan Lai Ching who was opposed by Chih Sung-tzu (neutral) and Huan Ti (chaotic). You were in the Dungeons of Doom, on level 10. You entered the dungeon 14509 turns ago. There was a full moon in effect when your adventure ended. You had 7578 experience points, 2422 more were needed to attain level 11. Basics: You had 0 out of 41 hit points. You had all 131 energy points (spell power). Your armor class was 0. Your wallet contained 445 zorkmids. Autopickup was on for '$?!/="+' plus thrown, with exceptions. Final Characteristics: Your strength was 14 (limit:18/100). Your dexterity was 16 (limit:18). Your constitution was 17 (limit:18). Your intelligence was 10 (limit:18). Your wisdom was 18 (limit:18). Your charisma was 10 (limit:18). Final Status: You were not hungry. You were strained; movement was very slowed. You were wielding a long sword. You had no skill with long sword. Final Attributes: You were piously aligned. You were cold resistant. You were level-drain resistant. You saw invisible. You were telepathic. You had automatic searching. You were invisible to others. You were guarded. You had reflection. You were lucky. You are dead. Miscellaneous: You never encountered a bones level. Total elapsed playing time was 4 hours, 2 minutes and 40 seconds. Major events: Turn 1: unit327 the lawful human Priestess entered the dungeon 911: attained the rank of Acolyte (level 3) 1495: entered the Gnomish Mines 2573: attained the rank of Adept (level 6) 2663: reached Mine Town 6206: received Excalibur from a strange woman laying about in a pond 7183: was bestowed with Demonbane by Shan Lai Ching 8567: entered Sokoban 8950: completed 1st Sokoban level 9578: completed 2nd Sokoban level 10170: completed 3rd Sokoban level 11321: completed 4th Sokoban level 11655: acquired the Sokoban amulet of reflection 12373: attained the rank of Priestess (level 10) 14509: killed by a shattered potion, while praying Vanquished creatures: 2 giant mimics an ogre tyrant a doppelganger 2 large mimics 2 stalkers a warg 2 small mimics a warhorse 3 xans an ogre leader a wood golem a djinni 2 gelatinous cubes a pyrolisk 3 flaming spheres 2 shocking spheres a tiger a leocrotta a mountain centaur an elf mummy a cobra a wraith an ettin zombie a leather golem a Grey-elf 2 watchmen an amorous demon 2 crocodiles a giant beetle a quivering blob 5 cockatrices a wolf a panther 5 leprechauns 3 scorpions a horse a black light 4 gnome rulers 3 dwarf mummies 3 owlbears 3 yetis 6 lizards a chickatrice a dingo a jaguar 2 black unicorns 2 dust vortices a raven 2 plains centaurs a gnome mummy 2 snakes a human zombie a Woodland-elf 2 soldier ants 6 bugbears 3 imps a wood nymph a Mordor orc 15 Uruk-hai 2 orc shamans a rock piercer 4 rock moles 3 ponies 4 fog clouds 2 yellow lights a shrieker 2 violet fungi 7 gnome leaders 4 gnomish wizards 3 kobold mummies a golden naga hatchling 3 gray oozes 2 elf zombies 2 straw golems 3 paper golems 2 giant ants a little dog 5 floating eyes a kitten 10 dwarves 5 homunculi 7 kobold leaders a kobold shaman 12 hill orcs 7 rothes a giant bat 2 monkeys a dwarf zombie 6 iguanas 12 killer bees 2 acid blobs 5 coyotes 4 gas spores 4 hobbits 2 large kobolds 11 hobgoblins 10 giant rats 4 cave spiders a brown mold a yellow mold a red mold 31 gnomes 3 garter snakes 2 gnome zombies 9 geckos 5 jackals a kobold 4 goblins 14 grid bugs 2 bats 6 lichens 3 kobold zombies 12 newts 375 creatures vanquished. No species were genocided or became extinct. Voluntary challenges: You read items or engraved 13 times. You engraved Elbereth 1 time. You never genocided any monsters. You never polymorphed an object. You used no wishes. You did not violate any of the special Sokoban rules. Achievements: You entered a shop. You attained the rank of Acolyte. You entered the Gnomish Mines. You attained the rank of Adept. You entered Minetown. You entered a temple. You entered Sokoban. You completed Sokoban. You attained the rank of Priestess. The Dungeons of Doom: levels 1 to 11 Level 1: Level 2: Level 3: "demonbane in shop" A general store, an altar to Shan Lai Ching. Stairs down to The Gnomish Mines. Level 4: A general store, a grave. Level 5: Level 6: A fountain. Level 7: "woke up throne room" Some fountains. Level 8: "stash" Level 9: Level 10: <- You were here. An altar to Shan Lai Ching, a fountain, some sinks. Stairs up to Sokoban, level 9. Final resting place for you, killed by a shattered potion, while praying. Level 11: The Gnomish Mines: levels 4 to 7 Level 4: Level 5: Level 6: Level 7: Many shops, a temple, some fountains. Sokoban: levels 9 up to 6 Level 6: Solved. Level 7: Solved. Level 8: "spare regen" Solved. Level 9: "stash under boulder" Solved. Game over: ---------- / \ / REST \ / IN \ / PEACE \ / \ | unit327 | | 445 Au | | killed by a | | shattered potion | | | | | | 2023 | *| * * * | * _________)/\\_//(\/(/\)/\//\/|_)_______ Goodbye unit327 the Priestess... You died in The Dungeons of Doom on dungeon level 10 with 31303 points, and 445 pieces of gold, after 14509 moves. You were level 10 with a maximum of 41 hit points when you died.